 Dungeon Crawl Stone Soup version 0.28.0-53-g5a82cb258f (webtiles) character file.

Game seed: 11479344523302194788

260415 quixfox the Executioner (level 19, -4/185 HPs)
             Began as a Minotaur Fighter on July 11, 2022.
             Was the Champion of Okawaru.
             Slain by a spriggan defender
             ... wielding a +2 rapier of venom
              (5 damage)
             ... on level 2 of the Depths on July 12, 2022.
             The game lasted 02:41:34 (45855 turns).

quixfox the Executioner (Minotaur Fighter)         Turns: 45855, Time: 02:41:34

Health: -4/185     AC: 44    Str: 34    XL:     19   Next: 17%
Magic:  20/24      EV: 15    Int:  5    God:    Okawaru [******]
Gold:   1409       SH: 25    Dex: 15    Spells: 18/18 levels left

rFire   + + .      SeeInvis +   a - +9 broad axe (freeze)
rCold   . . .      Faith    +   Z - +2 tower shield
rNeg    + . .      Spirit   .   N - +2 crystal plate armour "Domyen" {Contam rF+ Dex+4}
rPois   +          Reflect  .   C - +0 hat of Immorality {+Inv rElec rCorr}
rElec   +          Harm     .   X - +2 cloak {rPois}
rCorr   +          Rampage  .   m - +2 pair of gloves {hurl}
Will    ++...                   s - +2 pair of boots
Stlth   ..........              E - amulet of faith
HPRegen 0.40/turn               R - ring "Lew Fis" {rF+ Str+6}
MPRegen 0.19/turn               n - ring "Etier" {rN+ Will+ rCorr SInv}

@: heroic, finesse-ful, studying Shields
A: horns 2, retaliatory headbutt
}: 2/15 runes: serpentine, barnacled
a: Renounce Religion, Evoke Invisibility, Heroism, Finesse, Duel


You were on level 2 of the Depths.
You worshipped Okawaru.
Okawaru was exalted by your worship.
You visited 7 branches of the dungeon, and saw 34 of its levels.
You visited 1 bazaar.
You also visited: Trove.

You collected 5904 gold pieces.
You spent 4495 gold pieces at shops.

Inventory:

Hand Weapons
 a - a +9 broad axe of freezing (weapon)
 b - the +6 flail of Bread {flame, Dex+3}
   (You found it on level 3 of the Lair of Beasts)

   It burns those it strikes, dealing additional fire damage.
   Dex:       It affects your dexterity (+3).
 U - a +7 executioner's axe of electrocution
Missiles
 o - 23 javelins
 r - 51 boomerangs (quivered)
 t - 4 throwing nets
Armour
 i - a +2 kite shield of fire resistance
 m - a +2 pair of gloves of hurling (worn)
 s - a +2 pair of boots (worn)
 u - a +1 hat of willpower
 C - the +0 hat of Immorality (worn) {+Inv rElec rCorr}
   (Okawaru gifted it to you on level 10 of the Dungeon)

   rElec:     It insulates you from electricity.
   +Inv:      It lets you turn invisible.
   rCorr:     It protects you from acid and corrosion.
 N - the +2 crystal plate armour "Domyen" (worn) {Contam rF+ Dex+4}
   (Okawaru gifted it to you on level 4 of the Lair of Beasts)

   Dex:       It affects your dexterity (+4).
   rF:        It protects you from fire.
   Contam:    It causes magical contamination when unequipped.
 V - the +0 hat "Qedeh" {rPois rF+ rCorr Str+2 Int+4}
   (Okawaru gifted it to you on level 15 of the Dungeon)

   Str:       It affects your strength (+2).
   Int:       It affects your intelligence (+4).
   rF:        It protects you from fire.
   rPois:     It protects you from poison.
   rCorr:     It protects you from acid and corrosion.
 X - a +2 cloak of poison resistance (worn)
 Z - a +2 tower shield (worn)
Jewellery
 n - the ring "Etier" (right hand) {rN+ Will+ rCorr SInv}
   (You found it on level 4 of the Lair of Beasts)

   [ring of see invisible]

   rN:        It protects you from negative energy.
   SInv:      It lets you see invisible.
   rCorr:     It protects you from acid and corrosion.
   Will:      It increases your willpower.
 p - a ring of poison resistance
 w - a +4 ring of protection
 E - an amulet of faith (around neck)
 G - a ring of positive energy
 R - the ring "Lew Fis" (left hand) {rF+ Str+6}
   (You found it in a treasure trove)

   [ring of strength]

   Str:       It affects your strength (+6).
   rF:        It protects you from fire.
 T - the ring of Lebu {Fly rElec Str-3 Int-2 Dex+9}
   (You found it on level 6 of the Lair of Beasts)

   [ring of flight]

   Str:       It affects your strength (-3).
   Int:       It affects your intelligence (-2).
   Dex:       It affects your dexterity (+9).
   rElec:     It insulates you from electricity.
   Fly:       It grants you flight.
 Y - a ring of willpower
Wands
 g - a wand of flame (51)
 h - a wand of mindburst (21)
 v - a wand of iceblast (18)
 J - a wand of paralysis (3)
 W - a wand of digging (22)
Scrolls
 l - 2 scrolls of fear
 x - 11 scrolls of teleportation
 y - a scroll of fog
 B - 2 scrolls of enchant armour
 I - 18 scrolls of identify
 L - 5 scrolls of amnesia
 M - a scroll of holy word
 O - 4 scrolls of magic mapping
Potions
 d - 9 potions of might
 e - 3 potions of heal wounds
 f - 4 potions of magic
 j - 4 potions of lignification
 k - 9 potions of mutation
 q - 6 potions of curing
 z - 5 potions of ambrosia
 A - 5 potions of flight
 D - 2 potions of haste
 F - a potion of berserk rage
 H - a potion of invisibility
 K - 3 potions of cancellation
 P - 5 potions of brilliance


   Skills:
 + Level 20.0(25.0) Fighting
 - Level 21.6(26.6) Axes
 + Level 6.9(11.9) Throwing
 + Level 19.9(24.9) Armour
 + Level 13.3(18.3) Dodging
 + Level 18.3(23.3) Shields
 - Level 8.7 Invocations


You had 18 spell levels left.
You didn't know any spells.
Your spell library contained the following spells:

 Spells                   Type           Power      Damage    Failure   Level
 Apportation              Tloc           0%         N/A       99%         1
 Foxfire                  Conj/Fire      0%         2x1d4     99%         1
 Sandblast                Erth           0%         2d4       99%         1
 Corpse Rot               Necr/Air       0%         N/A       99%         2
 Passwall                 Tmut/Erth      0%         N/A       99%         2
 Sublimation of Blood     Necr           0%         N/A       99%         2
 Wereblood                Tmut           0%         N/A       99%         2
 Conjure Flame            Conj/Fire      0%         6-21      100%        3
 Dazzling Flash           Conj/Hex       0%         N/A       100%        3
 Frozen Ramparts          Ice            0%         1d2       100%        3
 Gell's Gravitas          Tloc           0%         N/A       100%        3
 Ignite Poison            Fire/Tmut/Pois 0%         N/A       100%        3
 Inner Flame              Hex/Fire       0%         N/A       100%        3
 Mephitic Cloud           Conj/Pois/Air  0%         N/A       100%        3
 Stone Arrow              Conj/Erth      0%         3d7       100%        3
 Teleport Other           Tloc           0%         N/A       100%        3
 Airstrike                Air            0%         N/A       100%        4
 Dispel Undead            Necr           0%         3d6       100%        4
 Flame Wave               Conj/Fire      0%         2d4       100%        4
 Fulminant Prism          Conj/Hex       0%         3d6       100%        4
 Ice Form                 Ice/Tmut       0%         N/A       100%        4
 Iskenderun's Mystic Bla  Conj/Tloc      0%         2d3       100%        4
 Olgreb's Toxic Radiance  Pois           0%         N/A       100%        4
 Passage of Golubria      Tloc           0%         N/A       100%        4
 Petrify                  Tmut/Erth      0%         N/A       100%        4
 Alistair's Intoxication  Tmut/Pois      0%         N/A       100%        5
 Borgnjor's Vile Clutch   Necr/Erth      0%         N/A       100%        5
 Freezing Cloud           Conj/Ice/Air   0%         6-21      100%        5
 Irradiate                Conj/Tmut      0%         3d14      100%        5
 Lee's Rapid Deconstruct  Erth           0%         3d5*      100%        5
 Lightning Bolt           Conj/Air       0%         1d11      100%        5
 Yara's Violent Unravell  Hex/Tmut       0%         3d3       100%        5
 Dispersal                Tloc           0%         N/A       100%        6
 Eringya's Noxious Bog    Tmut/Pois      0%         N/A       100%        6
 Starburst                Conj/Fire      0%         6d3       100%        6
 Ozocubu's Refrigeration  Ice            0%         4d5       100%        7
 Ignition                 Fire           0%         3d3       100%        8
 Animate Skeleton         Necr           Unusable   N/A       N/A         1
 Summon Small Mammal      Summ           Unusable   N/A       N/A         1
 Call Canine Familiar     Summ           Unusable   N/A       N/A         3
 Summon Guardian Golem    Hex/Summ       Unusable   N/A       N/A         3
 Tukima's Dance           Hex            Unusable   N/A       N/A         3
 Summon Ice Beast         Ice/Summ       Unusable   N/A       N/A         4
 Summon Lightning Spire   Summ/Air       Unusable   N/A       N/A         4
 Death Channel            Necr           Unusable   N/A       N/A         6
 Summon Hydra             Summ           Unusable   N/A       N/A         7

Dungeon Overview and Level Annotations

Branches:
Dungeon (15/15)            Temple (1/1) D:5            Lair (6/6) D:10
 Shoals (4/4) Lair:2        Snake (4/4) Lair:4        Slime (0/5) Lair:6
    Orc (2/2) D:12            Elf (0/3) Orc:2        Vaults (0/5) D:13
 Depths (2/4) D:15

Altars:
Ashenzari
Cheibriados
Dithmenos
Elyvilon
Fedhas
Gozag
Hepliaklqana
Kikubaaqudgha
Makhleb
Nemelex Xobeh
Okawaru
Qazlal
Ru
Sif Muna
Trog
Uskayaw
Vehumet
Wu Jian
Xom
Yredelemnul
Zin
The Shining One
Beogh
Jiyva
Lugonu

Shops:
D:8 *   D:12 =   Orc:2 (!*?*   Snake:1 :=:   Snake:3 :[[   Depths:1 =:

Portals:
Hell: Depths:1 Depths:2
Abyss: D:1 Depths:1
Pandemonium: Depths:1

Annotations:
D:5 1 runed translucent door
D:6 3 runed translucent doors, EyeSee2020's ghost, novice MiBe
Lair:3 3 runed translucent doors, Deesahac's ghost, journeyman BaFi
Lair:5 3 runed translucent doors, Tiocfaidh's ghost, journeyman DsWr
Shoals:1 1 runed translucent door, LustLizard's ghost, adept MiBe
Snake:1 exclusion: oklob plant
Snake:3 1 runed translucent door, 6 transporters, Romunoh's ghost, adept SpBr
Snake:4 Roxanne


Innate Abilities, Weirdness & Mutations

You have a pair of horns on your head.
You reflexively headbutt those who attack you in melee.


Message History

The purple very ugly thing is almost dead.
The living spell casts itself at you. Something smites you!
The living spell casts itself at you. Something smites you!
The walking divine tome erupts in a flurry of living spells!
You block the purple very ugly thing's attack.
You barely miss the purple very ugly thing.
The purple very ugly thing is almost dead.
You slash the purple very ugly thing! You freeze the purple very ugly thing.
You kill the purple very ugly thing!
Okawaru accepts your kill.
The walking divine tome erupts in a flurry of living spells!
You cut the living spell into ribbons!!!
You freeze the living spell.
You destroy the living spell!
The living spell casts itself at you. Something smites you!
* * * LOW HITPOINT WARNING * * *
The living spell casts itself at you. Something smites you!
* * * LOW HITPOINT WARNING * * *
The living spell casts itself at you. Something smites you!
* * * LOW HITPOINT WARNING * * *
As you read the scroll of fog, it crumbles to dust.
The scroll dissolves into smoke.
The spriggan defender hits you but does no damage.
The spriggan air mage waves its arms in wide circles.
The air twists around and strikes you.
A spriggan berserker comes into view. It is wielding a +1 flail of draining.
The walking divine tome erupts in a flurry of living spells!
The living spell casts itself at you. Something smites you!
* * * LOW HITPOINT WARNING * * *
The living spell casts itself at you. Something smites you!
* * * LOW HITPOINT WARNING * * *
The spriggan defender hits you with a +2 rapier of venom.
You die...

#.......###.......#####.......#..
##.....## ##.....##...##......##.
##....# #....##.....##......+.
#....# ##....#.......#......#.
#..... .#.....#.......#....####
#..... i......#.......#..###..#
#+##....#......##........
###.§§§§...##.........
###@§#####.....>....
...puCi#§[.............#
....*DC#..............(#
+##.;Qi##........#..#### #+**C
#........#### ##.. ##..###..+ #..
#.## ##.# '.. +.. #.# #.## #.#


You could see a titan, a golden dragon, a walking divine tome, a fire giant, a
tengu reaver, a spriggan defender, an ettin, a spriggan berserker (wandering), a
spriggan air mage (repels missiles) and 3 living smiting commandments.

Vanquished Creatures
  Vashnia (Snake:4)
  Nikola (Shoals:3)
  2 golden dragons (Depths:2)
  2 tentacled monstrosities (Depths:2)
  Mlioglotl (Shoals:4)
  Polyphemus (Shoals:4)
  A sphinx (Depths:1)
  Agnes (Snake:3)
  Kirke (Shoals:4)
  A tengu reaver (Depths:1)
  Donald (Shoals:1)
  A fire giant (Depths:2)
  4 nagarajas (Snake:4)
  A spriggan defender (Depths:2)
  Aizul (Shoals:1)
  6 very ugly things
  7 stone giants (Depths:1)
  2 vampire knights
  A minotaur (Lair:1)
  Nessos (Lair:4)
  A spark wasp (Depths:1)
  12 merfolk impalers
  2 merfolk javelineers
  4 ettins
  A blizzard demon (Depths:1)
  2 fire dragons
  A spriggan air mage (Depths:2)
  20 naga warriors
  A great orb of eyes (Depths:1)
  5 hydras
  2 boulder beetles
  An ogre mage (D:15)
  A rakshasa (Depths:1)
  3 vault guards (D:13)
  An ice dragon (Depths:1)
  4 merfolk avatars
  3 catoblepae
  3 salamander tyrants
  2 deep troll shamans (Depths:1)
  4 anacondas
  4 alligator snapping turtles
  4 centaur warriors (D:13)
  5 merfolk aquamancers
  3 satyrs
  8 two-headed ogres
  8 death yaks
  A deep troll earth mage (Depths:1)
  2 tengu warriors (D:14)
  3 spriggan berserkers (Depths:1)
  9 orc high priests (Orc:2)
  8 shock serpents
  A vampire mage (Depths:1)
  6 hell knights (Depths:1)
  14 naga sharpshooters
  Urug (D:11)
  A soul eater (Depths:1)
  Nergalle (Lair:1)
  The ghost of Caczuus the Covert, a novice SpEE of Ashenzari (Lair:1)
  An iron troll (Depths:1)
  3 salamander mystics
  8 deep trolls
  10 harpies
  11 sea snakes
  3 wizards
  8 naga ritualists
  An orc knight (Orc:2)
  3 mana vipers
  2 deep elf pyromancers
  2 lindwurms (Lair:6)
  19 manticores
  A shining eye (shapeshifter) (Depths:1)
  7 cyclopes
  21 ugly things
  14 salamanders
  19 fauns
  20 elephants
  3 guardian serpents
  14 merfolk sirens
  26 naga magi
  An eye of devastation (shapeshifter) (D:13)
  10 water nymphs
  28 black mambas
  20 cane toads
  4 gargoyles
  Maggie (D:8)
  2 torpor snails
  An efreet (D:15)
  An unseen horror (D:11)
  10 komodo dragons
  Psyche (D:8)
  2 tengu conjurers (D:14)
  A freezing wraith (D:15)
  3 kobold demonologists
  A hellwing (Depths:1)
  A queen bee (D:15)
  2 ice devils (Lair:6)
  5 trolls
  25 merfolk
  5 wind drakes
  3 meliai (D:15)
  16 dream sheep
  6 polar bears
  9 snapping turtles
  3 tyrant leeches (Lair:6)
  A blink frog (shapeshifter) (D:15)
  27 blink frogs
  5 slime creatures
  2 shadows
  25 yaks
  8 water elementals
  6 wyverns
  A vampire (D:11)
  A wraith (D:13)
  A spriggan (Lair:2)
  3 hogs (Shoals:4)
  A human (Shoals:4)
  7 basilisks
  A chaos spawn (Depths:1)
  8 vampire mosquitoes
  A steam dragon (D:5)
  A neqoxec (Depths:1)
  11 wargs
  4 acid dragons
  47 nagas
  A floating eye (Depths:1)
  17 water moccasins
  An ice beast (D:6)
  21 orc warriors
  3 black bears
  8 ogres
  3 wolves (Lair:6)
  11 centaurs
  A phantom (D:5)
  16 bullfrogs
  6 kobold brigands
  2 scorpions (D:7)
  3 gnoll sergeants
  A water moccasin zombie (D:5)
  23 killer bees
  10 wights
  2 howler monkeys (D:14)
  5 electric eels
  6 centaur zombies
  A jelly (D:5)
  3 hounds
  2 gnoll shamans
  35 orc priests
  Terence (D:2)
  4 iguanas
  14 orc wizards
  8 hell rats (Lair:3)
  A killer bee zombie (D:8)
  2 howler monkey zombies
  23 gnolls
  7 adders
  14 river rats (Lair:3)
  2 white imps (D:6)
  An adder skeleton (D:5)
  3 worms
  3 dart slugs
  86 orcs
  7 ball pythons
  6 endoplasms
  2 giant cockroaches
  6 goblins
  10 hobgoblins
  2 jackals (D:3)
  8 quokkas
  11 bats
  2 frilled lizards (D:1)
  A jackal skeleton (D:5)
  35 kobolds
  17 rats
  A bush (Lair:6)
1166 creatures vanquished.

Vanquished Creatures (others)
  2 water elementals (Shoals:3)
  A bush (Lair:6)
  34 fungi
  252 plants
  3 toadstools (D:1)
292 creatures vanquished.

Grand Total: 1458 creatures vanquished

Notes
Turn   | Place    | Note
-------+----------+-------------------------------------------
     0 | D:1      | quixfox the Minotaur Fighter began the quest for the Orb.
     0 | D:1      | Reached XP level 1. HP: 19/19 MP: 0/0
   219 | D:1      | Reached XP level 2. HP: 27/27 MP: 1/1
   230 | D:1      | Reached skill level 3 in Axes
   920 | D:1      | Found a corrupted altar of Lugonu.
   920 | D:1      | Found a one-way gate to the infinite horrors of the Abyss.
   920 | D:1      | Noticed a demonic crawler
   920 | D:1      | Noticed a demonic crawler
   920 | D:1      | Noticed a demonic crawler
   925 | D:1      | Reached XP level 3. HP: 20/33 MP: 2/2
  1323 | D:2      | Noticed Terence
  1335 | D:2      | Killed Terence
  1336 | D:2      | Reached skill level 4 in Axes
  1597 | D:2      | Reached XP level 4. HP: 40/40 MP: 3/3
  2427 | D:3      | Reached XP level 5. HP: 30/47 MP: 4/4
  2548 | D:3      | Reached skill level 5 in Axes
  2683 | D:3      | Found a faded altar of an unknown god.
  2976 | D:4      | Noticed an ogre
  2984 | D:4      | Killed an ogre
  2985 | D:4      | Reached skill level 5 in Fighting
  2985 | D:4      | Reached skill level 5 in Armour
  2985 | D:4      | Reached XP level 6. HP: 53/56 MP: 5/5
  3514 | D:4      | Reached skill level 6 in Axes
  3945 | D:5      | Entered Level 5 of the Dungeon
  3975 | D:5      | Found a runed translucent door.
  3975 | D:5      | Noticed a human
  3976 | D:5      | Found a basalt altar of Yredelemnul.
  4117 | D:5      | Reached XP level 7. HP: 59/62 MP: 6/6
  4221 | D:5      | Identified the +2 helmet of Immorality {Slay+2 SInv}
  4227 | D:5      | Noticed a steam dragon
  4235 | D:5      | Killed a steam dragon
  4236 | D:5      | Reached skill level 7 in Axes
  4548 | D:5      | Found a staircase to the Ecumenical Temple.
  4792 | Temple   | Entered the Ecumenical Temple
  4800 | Temple   | Became a worshipper of Warmaster Okawaru
  5115 | D:6      | Reached skill level 8 in Axes
  5345 | D:6      | Reached XP level 8. HP: 59/71 MP: 7/7
  5962 | D:6      | Found a runed translucent gate.
  5962 | D:6      | Found a runed translucent gate.
  5962 | D:6      | Found a runed translucent gate.
  5998 | D:6      | Noticed EyeSee2020's ghost (novice MiBe)
  6092 | D:7      | Reached skill level 9 in Axes
  6170 | D:7      | Reached * piety under Okawaru
  6534 | D:7      | Reached skill level 10 in Axes
  6654 | D:7      | Reached XP level 9. HP: 55/79 MP: 8/8
  6857 | D:7      | Noticed a two-headed ogre
  6857 | D:7      | Noticed a boulder beetle
  6911 | D:7      | Reached ** piety under Okawaru
  7211 | D:7      | Found a shadowy altar of Dithmenos.
  7219 | D:7      | Found a bloodstained altar of Trog.
  7223 | D:7      | Found a hazy altar of Hepliaklqana.
  7301 | D:8      | Found a glowing golden altar of the Shining One.
  7304 | D:8      | Noticed Psyche
  7313 | D:8      | Killed Psyche
  7371 | D:8      | Found a stormy altar of Qazlal.
  7405 | D:8      | Reached skill level 11 in Axes
  7609 | D:8      | Noticed a two-headed ogre
  7892 | D:8      | HP: 2/79 [two-headed ogre/+0 giant spiked club (7)]
  7893 | D:8      | Killed a two-headed ogre
  7894 | D:8      | Reached skill level 1 in Invocations
  8260 | D:8      | Found Yhudedar's General Store.
  8265 | D:8      | Bought a +1 pair of boots for 126 gold pieces
  8265 | D:8      | Bought a scroll of identify for 22 gold pieces
  8349 | D:8      | Noticed a manticore
  8367 | D:8      | Killed a manticore
  8367 | D:8      | Reached *** piety under Okawaru
  8368 | D:8      | Reached skill level 12 in Axes
  9089 | D:8      | Reached XP level 10. HP: 90/91 MP: 9/11
  9147 | D:8      | Noticed Maggie
  9169 | D:8      | Killed Maggie
  9683 | D:9      | Noticed a boulder beetle
  9719 | D:9      | Killed a boulder beetle
  9719 | D:9      | Reached **** piety under Okawaru
 10239 | D:9      | Noticed a two-headed ogre
 10246 | D:9      | Killed a two-headed ogre
 10247 | D:9      | Reached skill level 10 in Fighting
 10247 | D:9      | Reached skill level 13 in Axes
 10404 | D:9      | Reached skill level 10 in Armour
 10463 | D:9      | Noticed a gargoyle
 10474 | D:9      | Killed a gargoyle
 10661 | D:9      | Found a shimmering altar of Xom.
 10663 | D:9      | Found a shimmering altar of Xom.
 10664 | D:9      | Found a shimmering altar of Xom.
 10664 | D:9      | Found a shimmering altar of Xom.
 10665 | D:9      | Found a shimmering altar of Xom.
 10665 | D:9      | Found a shimmering altar of Xom.
 10745 | D:9      | Found a shimmering altar of Xom.
 11162 | D:10     | Entered Level 10 of the Dungeon
 11242 | D:10     | Reached ***** piety under Okawaru
 11306 | D:10     | Identified the +0 hat of Immorality {+Inv rElec rCorr}
                  | (Okawaru gifted it to you on level 10 of the Dungeon)
 11306 | D:10     | Received a gift from Okawaru
 11311 | D:10     | Found a staircase to the Lair.
 11463 | D:10     | Reached XP level 11. HP: 90/101 MP: 13/13
 11589 | D:10     | Reached skill level 5 in Invocations
 11912 | D:10     | Reached skill level 14 in Axes
 12095 | D:10     | Identified the +0 helmet of Refuge {rF+++ Int-4 Dex+5}
 12450 | D:11     | Identified 3 scrolls of acquirement
 12450 | D:11     | Acquired an amulet of faith
 12457 | D:11     | Acquired 1236 gold pieces
 12459 | D:11     | Acquired the +2 pair of gloves of the Everdark {Dex+4}
 12480 | D:11     | Noticed a two-headed ogre
 12485 | D:11     | Noticed Urug
 12486 | D:11     | Killed a two-headed ogre
 12502 | D:11     | Killed Urug
 13031 | D:11     | Found a shadowy altar of Dithmenos.
 13690 | D:12     | Found a staircase to the Orcish Mines.
 13724 | D:12     | Found Daetour's Jewellery Emporium.
 13746 | D:12     | Reached skill level 15 in Axes
 14005 | D:12     | Found a portal to a secret trove of treasure.
 14217 | D:12     | Found a sacrificial altar of Ru.
 14592 | D:13     | Noticed a +0 dagger
 14670 | D:13     | Noticed a +0 falchion
 14671 | D:13     | Noticed a +0 dagger
 14672 | D:13     | Noticed a +0 short sword
 14672 | D:13     | Noticed a +0 spear
 14672 | D:13     | Noticed a +0 spear
 14673 | D:13     | Noticed a +0 falchion
 14673 | D:13     | Noticed a +0 short sword
 14679 | D:13     | Found a hide-covered altar of Uskayaw.
 14689 | D:13     | You fall into a shaft and drop 1 floor!
 14811 | D:13     | Noticed a centaur warrior
 14818 | D:13     | Killed a centaur warrior
 14827 | D:13     | Noticed a centaur warrior
 14834 | D:13     | Killed a centaur warrior
 14961 | D:13     | Noticed a centaur warrior
 14968 | D:13     | Identified the +0 pair of gloves of Guxku {*Slow rPois
                  | Int+5 Dex-4} (Okawaru gifted it to you on level 13 of the
                  | Dungeon)
 14968 | D:13     | Received a gift from Okawaru
 14969 | D:13     | Reached XP level 12. HP: 73/111 MP: 16/16
 14976 | D:13     | Killed a centaur warrior
 15203 | D:13     | Noticed a centaur warrior
 15221 | D:13     | Killed a centaur warrior
 15446 | D:13     | Found a gate to the Vaults.
 15446 | D:13     | Noticed a two-headed ogre
 15446 | D:13     | Noticed a vault guard
 15446 | D:13     | Noticed a vault guard
 15446 | D:13     | Noticed a vault guard
 15446 | D:13     | Noticed a vault guard
 15537 | Lair:1   | Entered Level 1 of the Lair of Beasts
 15973 | Lair:1   | Noticed Nergalle
 15981 | Lair:1   | Killed Nergalle
 15982 | Lair:1   | Reached skill level 16 in Axes
 16027 | Lair:1   | Noticed Caczuus's ghost (novice SpEE)
 16032 | Lair:1   | Noticed a minotaur
 16068 | Lair:1   | Found a runed translucent gate.
 16068 | Lair:1   | Found a runed translucent gate.
 16068 | Lair:1   | Found a runed translucent gate.
 16905 | Lair:2   | Noticed a five-headed hydra
 16915 | Lair:2   | Killed a ten-headed hydra
 17497 | Lair:2   | Found a staircase to the Shoals.
 17515 | Lair:2   | Reached ****** piety under Okawaru
 17666 | Lair:3   | Received a gift from Okawaru
 17861 | Lair:3   | Reached skill level 17 in Axes
 18358 | Lair:3   | Received a gift from Okawaru
 18378 | Lair:3   | Reached XP level 13. HP: 119/119 MP: 18/18
 18626 | Lair:3   | Found a runed translucent gate.
 18628 | Lair:3   | Found a runed translucent gate.
 18630 | Lair:3   | Found a runed translucent gate.
 18631 | Lair:3   | Noticed Deesahac's ghost (journeyman BaFi)
 18635 | Lair:3   | Found a viscous altar of Jiyva.
 18675 | Lair:3   | Identified the +6 flail of Bread {flame, Dex+3}
 19012 | Lair:4   | Found a staircase to the Snake Pit.
 19045 | Lair:4   | Identified the +2 crystal plate armour "Domyen" {Contam rF+
                  | Dex+4} (Okawaru gifted it to you on level 4 of the Lair of
                  | Beasts)
 19045 | Lair:4   | Received a gift from Okawaru
 19089 | Lair:4   | Identified the ring "Etier" {rN+ Will+ rCorr SInv}
 19121 | Lair:4   | Identified the +0 plate armour of Past Mistakes {rElec
                  | rPois rF+ Dex+8}
 19376 | Lair:4   | Reached skill level 1 in Dodging
 19469 | Lair:4   | Noticed Nessos
 19484 | Lair:4   | Killed Nessos
 19505 | Lair:4   | Reached skill level 18 in Axes
 19839 | Lair:4   | Identified the +0 robe of the Distant Future {rC+ rCorr}
 20260 | D:12     | You paid a toll of +3 fire dragon scales to enter a
                  | treasure trove
 20261 | Trove    | Entered a treasure trove
 20274 | Trove    | Identified the ring of Temptation {Str+6 Int+3}
 20289 | Trove    | Identified the +8 hand axe of the Dancing Coward {vorpal,
                  | rCorr Stlth+}
 20290 | Trove    | Identified the ring "Lew Fis" {rF+ Str+6}
 20505 | Lair:5   | Found a runed translucent gate.
 20510 | Lair:5   | Found a runed translucent gate.
 21024 | Lair:5   | You fall into a shaft and drop 1 floor!
 21024 | Lair:6   | Entered Level 6 of the Lair of Beasts
 21184 | Lair:6   | HP: 6/124 [dream sheep (28)]
 21185 | Lair:6   | HP: 2/124 [dream sheep (4)]
 21195 | Lair:6   | Reached XP level 14. HP: 32/132 MP: 19/19
 21534 | Lair:6   | Identified the +0 cloak "Vedu Zoa" {Fly Str+4} (Okawaru
                  | gifted it to you on level 6 of the Lair of Beasts)
 21534 | Lair:6   | Received a gift from Okawaru
 21535 | Lair:6   | Reached skill level 19 in Axes
 22114 | Lair:6   | Reached skill level 5 in Dodging
 22227 | Lair:6   | Identified the ring of Lebu {Fly rElec Str-3 Int-2 Dex+9}
 22599 | Lair:6   | Found a viscous altar of Jiyva.
 22600 | Lair:6   | Found a staircase to the Slime Pits.
 22731 | Lair:5   | Found an iron altar of Okawaru.
 22783 | Lair:6   | Received a gift from Okawaru
 23579 | Lair:5   | Found a runed translucent gate.
 23750 | Lair:5   | Noticed Tiocfaidh's ghost (journeyman DsWr)
 24141 | Orc:1    | Entered Level 1 of the Orcish Mines
 24197 | Orc:2    | Entered Level 2 of the Orcish Mines
 24248 | Orc:2    | Reached skill level 20 in Axes
 24264 | Orc:2    | Found a staircase to the Elven Halls.
 24605 | Orc:1    | Reached skill level 15 in Fighting
 24925 | Orc:2    | Received a gift from Okawaru
 24926 | Orc:2    | Reached skill level 15 in Armour
 25353 | Orc:2    | Found Asmotaokli's Antique Weapon Emporium.
 25470 | Orc:2    | Found Ditoych's Distillery.
 25470 | Orc:2    | Found Okun's General Store.
 25670 | Orc:2    | Reached XP level 15. HP: 133/141 MP: 20/20
 26068 | Orc:2    | Found Poidueco's Magic Scroll Boutique.
 26068 | Orc:2    | Found Erympa's General Store.
 26082 | Orc:2    | Bought a potion of heal wounds for 65 gold pieces
 26091 | Orc:2    | Bought a scroll of enchant armour for 105 gold pieces
 26091 | Orc:2    | Bought a scroll of fog for 28 gold pieces
 26091 | Orc:2    | Bought a scroll of fear for 49 gold pieces
 26091 | Orc:2    | Bought a scroll of enchant weapon for 105 gold pieces
 26091 | Orc:2    | Bought a scroll of fear for 49 gold pieces
 26132 | Orc:2    | Bought a +7 vorpal broad axe for 645 gold pieces
 26700 | D:14     | Identified the +11 battleaxe of the Hawk {vorpal, Fragile
                  | +Blink rElec Str+3} (Okawaru gifted it to you on level 14
                  | of the Dungeon)
 26700 | D:14     | Received a gift from Okawaru
 27299 | D:14     | Reached skill level 21 in Axes
 27590 | D:15     | Entered Level 15 of the Dungeon
 27772 | D:15     | Reached skill level 5 in Shields
 27776 | D:15     | Identified the +0 hat "Qedeh" {rPois rF+ rCorr Str+2 Int+4}
                  | (Okawaru gifted it to you on level 15 of the Dungeon)
 27776 | D:15     | Received a gift from Okawaru
 28130 | Lair:1   | Killed Caczuus's ghost
 28548 | D:15     | Found a staircase to the Depths.
 28990 | Snake:1  | Entered Level 1 of the Snake Pit
 29460 | Snake:1  | Identified the +8 hand axe of Might {vorpal, *Slow rPois
                  | Str+2} (Okawaru gifted it to you on level 1 of the Snake
                  | Pit)
 29460 | Snake:1  | Received a gift from Okawaru
 29955 | Snake:1  | Found a broken altar of Ashenzari.
 30185 | Snake:1  | Found Zafuw's Jewellery Shop.
 30186 | Snake:1  | Found Riopnoos's Book Emporium.
 30186 | Snake:1  | Found Nyd Feag's Book Emporium.
 30192 | Snake:1  | Bought a manual of Shields for 1120 gold pieces
 30397 | Snake:2  | Found a burning altar of Makhleb.
 30883 | Snake:2  | Reached XP level 16. HP: 144/152 MP: 21/21
 30985 | Snake:2  | Identified the +0 executioner's axe "Beastslayer"
                  | {antimagic, rElec} (Okawaru gifted it to you on level 2 of
                  | the Snake Pit)
 30985 | Snake:2  | Received a gift from Okawaru
 32227 | Snake:3  | Found Qasm's Book Boutique.
 32320 | Snake:3  | Found a runed translucent door.
 32715 | Snake:3  | Found a transporter.
 32723 | Snake:3  | Found a transporter.
 33012 | Snake:3  | Reached skill level 10 in Shields
 33054 | Snake:3  | Noticed Agnes
 33062 | Snake:3  | Killed Agnes
 33236 | Snake:3  | Found a transporter.
 33240 | Snake:3  | Found a transporter.
 33517 | Snake:3  | Found a transporter.
 33524 | Snake:3  | Found a transporter.
 33559 | Snake:3  | Found Ipius's Antique Armour Shop.
 33567 | Snake:3  | Found Gosostu's Antique Armour Boutique.
 33684 | Snake:3  | Noticed Romunoh's ghost (adept SpBr)
 34014 | Snake:4  | Entered Level 4 of the Snake Pit
 34069 | Snake:4  | Noticed Vashnia
 34149 | Snake:4  | Identified Roxanne's Collected Works on Earth
 34149 | Snake:4  | Noticed Roxanne
 34156 | Snake:4  | Got a serpentine rune of Zot
 34238 | Snake:4  | Identified the +1 hat "Mowutai" {*Corrode rN++ Str+3}
                  | (Okawaru gifted it to you on level 4 of the Snake Pit)
 34238 | Snake:4  | Received a gift from Okawaru
 35042 | Snake:4  | Killed Vashnia
 35658 | Snake:4  | Identified the +1 robe "Zuozemu" {rC++ Int+3} (Okawaru
                  | gifted it to you on level 4 of the Snake Pit)
 35658 | Snake:4  | Received a gift from Okawaru
 36378 | Snake:4  | Reached XP level 17. HP: 153/162 MP: 22/22
 36433 | Snake:4  | Reached skill level 15 in Shields
 37062 | Snake:4  | Received a gift from Okawaru
 37095 | Snake:4  | Found a bloodstained altar of Trog.
 37606 | Shoals:1 | Entered Level 1 of the Shoals
 37616 | Shoals:1 | Reached skill level 10 in Dodging
 37928 | Shoals:1 | Found a runed translucent door.
 37931 | Shoals:1 | Noticed LustLizard's ghost (adept MiBe)
 38134 | Shoals:1 | Noticed Aizul
 38145 | Shoals:1 | Killed Aizul
 38260 | Shoals:1 | Noticed Donald
 38271 | Shoals:1 | Killed Donald
 39539 | Shoals:2 | Received a gift from Okawaru
 39792 | Shoals:3 | Found a flickering gateway to a bazaar.
 39814 | Bazaar   | Entered a bazaar
 39814 | Bazaar   | Found Alibywni's Magic Scroll Emporium.
 39821 | Bazaar   | Found Zotaac's Book Shop.
 39829 | Bazaar   | Found Equlote's Antique Weapon Shop.
 39853 | Bazaar   | Found Jeleugua's Antique Armour Boutique.
 39863 | Bazaar   | Found Imorosk's General Store.
 39871 | Bazaar   | Bought a scroll of enchant armour for 52 gold pieces
 39871 | Bazaar   | Bought a scroll of magic mapping for 24 gold pieces
 39871 | Bazaar   | Bought a potion of curing for 21 gold pieces
 39879 | Bazaar   | Bought a pair of embroidered gloves for 247 gold pieces
 39904 | Bazaar   | Bought a scroll of enchant weapon for 127 gold pieces
 39904 | Bazaar   | Bought a scroll of enchant armour for 127 gold pieces
 39904 | Bazaar   | Bought a scroll of fear for 59 gold pieces
 39904 | Bazaar   | Bought a scroll of teleportation for 51 gold pieces
 39904 | Bazaar   | Bought a scroll of fog for 34 gold pieces
 39904 | Bazaar   | Bought a scroll of brand weapon for 340 gold pieces
 39904 | Bazaar   | Bought a scroll of magic mapping for 59 gold pieces
 39977 | Shoals:3 | Noticed Nikola
 40814 | Shoals:3 | Reached skill level 1 in Throwing
 41057 | Shoals:3 | Killed Nikola
 41204 | Shoals:4 | Entered Level 4 of the Shoals
 41204 | Shoals:4 | Noticed Kirke
 41402 | Shoals:4 | Reached XP level 18. HP: 136/173 MP: 23/23
 41954 | Shoals:4 | Received a gift from Okawaru
 42391 | Shoals:4 | Killed Kirke
 42435 | Shoals:4 | Got a barnacled rune of Zot
 42445 | Shoals:4 | Identified the +7 war axe of Gekkiev {vorpal, rElec rN++}
 42522 | Shoals:4 | Noticed Mlioglotl
 42524 | Shoals:4 | Noticed a bone dragon
 42542 | Shoals:4 | Killed Mlioglotl
 42587 | Shoals:4 | Noticed Polyphemus
 42602 | Shoals:4 | Killed Polyphemus
 42756 | Shoals:4 | Received a gift from Okawaru
 42920 | Shoals:4 | Identified the +5 chain mail of Byhe {Contam Fly rF+++
                  | Dex-2}
 43638 | Depths:1 | Entered Level 1 of the Depths
 43638 | Depths:1 | Found a gateway to Hell.
 43639 | Depths:1 | Found Picoudd's Jewellery Shop.
 43694 | Depths:1 | Reached skill level 5 in Throwing
 44026 | Depths:1 | HP: 7/176 [spriggan air mage/the air (14)]
 44336 | Depths:1 | Received a gift from Okawaru
 44659 | Depths:1 | Received a gift from Okawaru
 44833 | Depths:1 | Identified the +7 war axe of Qelen {vorpal, Dex+3} (Okawaru
                  | gifted it to you on level 1 of the Depths)
 44833 | Depths:1 | Received a gift from Okawaru
 44982 | Depths:1 | Found a one-way gate leading to the halls of Pandemonium.
 45241 | Depths:1 | Found Sauwaog's Book Shoppe.
 45250 | Depths:1 | Bought a manual of Shields for 1040 gold pieces
 45610 | Depths:2 | Noticed a tentacled monstrosity
 45610 | Depths:2 | Noticed a tentacled monstrosity
 45610 | Depths:2 | Noticed a golden dragon
 45648 | Depths:2 | Killed a tentacled monstrosity
 45649 | Depths:2 | Reached XP level 19. HP: 173/184 MP: 18/24
 45710 | Depths:2 | Killed a golden dragon
 45810 | Depths:2 | Noticed a golden dragon
 45812 | Depths:2 | Noticed a golden dragon
 45833 | Depths:2 | Killed a golden dragon
 45833 | Depths:2 | Received a gift from Okawaru
 45855 | Depths:2 | HP: 1/185 [living spell/divine providence[a walking divine
                  | tome] (9)]
 45855 | Depths:2 | Slain by a spriggan defender

Illustrated notes

Levels and vault maps discovered:
D:1:      erik_arrival_cave_to_civilisation [erik_arrival_cave_to_temple],
          layout_basic, hangedman_feature_mirror, minmay_gold_behind_fungi
D:2:      layout_basic, uniq_terence
D:3:      layout_basic, shapermc_ecumenical_altar_mp_urbaneastern
D:4:      layout_basic
D:5:      layout_cave_pools, dk_yredelemnul_ordeal, temple_pool_b
D:6:      layout_rooms, gammafunk_ghost_necromancy
D:7:      layout_loops_ring, minmay_overflow_temple_star_quad,
          lightli_corner_chamber
D:8:      layout_layer_cave, mainiacjoe_overflow_tiny_flanked,
          mainiacjoe_overflow_boulevard, serial_shops, nicolae_square_shop,
          nicolae_concentric_dashed_squares_mild, kennysheep_donut, uniq_psyche,
          uniq_maggie
D:9:      layout_basic, xom_shifter_show
D:10:     layout_long_grid, david_lair_generic, grunt_decor_one_mirror,
          serial_bayou_pond_a
D:11:     layout_cross, grunt_dithmenos_smoke_and_mirrors, uniq_urug
D:12:     layout_small_grid, orc_0_dummy, serial_shops, shop,
          trove_entry_hex_spiral, grunt_decor_junction, nicolae_ru_awakened_eye
D:13:     layout_basic, lightli_vaults_fourway_checkpoint,
          nicolae_uskayaw_en_pointe
D:14:     layout_roguey, serial_aquarium, aquarium_bridge_straight
          [aquarium_subvault_bridge, aquarium_subvault_wall,
          aquarium_subvault_bridge, aquarium_subvault_wall],
          aquarium_window_corner, aquarium_window_1, aquarium_window_1,
          aquarium_window_2, aquarium_view_2f, aquarium_pool_2
D:15:     hangedman_depths_entry_civil_slaughter, layout_rooms,
          chequers_serial_rivers_small_b, serial_park_tiny_2, minivault_7
Temple:   nicolae_temple_no_exploring_needed
Lair:1:   layout_chaotic_city, maelrawn_ghost_gauntlet_escape, st_stairs_7,
          chequers_serial_rivers_large_b, uniq_nergalle
Lair:2:   layout_concentric_octagons, elwin_shoals_entry_rooms, wad_woods_03,
          serial_bayou_shore_a, grunt_megastairs_3
Lair:3:   lemuel_ratsnest, layout_hall_layers, gammafunk_ghost_ooze
Lair:4:   layout_regular_city, dummy_snake_entry, lemuel_fruit_fields,
          uniq_nessos
Lair:5:   layout_layer_cave, gammafunk_ghost_icy, basic_altar
Lair:6:   minmay_lair_end_frog_pond, layout_cave_shapes, slime_altar_1,
          portal_ice_cave_demonic_guard, nicolae_volcano_entry_vermiform
Shoals:1: layout_shoals, hellmonk_ghost_happy_afterlife, uniq_donald, uniq_aizul
Shoals:2: layout_shoals
Shoals:3: layout_shoals, serial_shops, bzr_entry_customers, uniq_nikola
Shoals:4: shoals_end_simple, layout_shoals, uniq_polyphemus, uniq_mlioglotl,
          uniq_kirke
Snake:1:  layout_grid_maze, serial_bayou_pond_c, lemuel_oklob_altar,
          minmay_shop_grove
Snake:2:  layout_layer_cave, basic_altar
Snake:3:  layout_chambers, ebering_ghost_reflecting_pool, serial_shops,
          nicolae_shop_trees, serial_nicolae_subway, nicolae_sub_station_stone,
          nicolae_sub_station_crystal, nicolae_sub_station_metal,
          minmay_shoptagon, uniq_agnes
Snake:4:  snake_pit, layout_grid_shapes, basic_altar, guppyfry_library_mini,
          serial_bayou_shore_b, uniq_vashnia, uniq_roxanne
Orc:1:    layout_diamond_mine
Orc:2:    st_orc_town, layout_diamond_mine, serial_shops,
          nicolae_shop_advertising_works [nicolae_subvault_shop_adworks]
Depths:1: layout_honeycomb, rand_demon_pan_entry_7, serial_shops, shop,
          nicolae_shop_waterfront, hell_entry, abandoned_shop,
          abyss_entry_glasseish, minmay_misc_feat_more_columns,
          skrybe_limestone_x, minmay_holes, hangedman_abyss_or_decor_stabs,
          hangedman_decor_push, minmay_misc_feat_tiny, grunt_tough_drop,
          kennysheep_random_hallway
Depths:2: minmay_central_circle, layout_honeycomb, hell_entry,
          rand_demon_pan_entry_3

Skill      XL: |  1  2  3  4  5  6  7  8  9 10 11 12 13 14 15 16 17 18 19 |
---------------+----------------------------------------------------------+-----
Axes           | 3 4 5 6 8 10 12 13 15 17 18 20 21 | 21.6
Fighting       | 4 5 6 7 9 10 11 12 14 15 16 17 18 19 20 | 20.0
Armour         | 4 5 6 7 9 10 11 12 14 15 16 17 18 19 | 19.9
Invocations    | 2 4 6 8 |  8.7
Dodging        | 4 6 7 9 11 13 | 13.3
Shields        | 7 14 17 18 | 18.3
Throwing       | 1 6 |  6.9

Action                   |  1- 3 |  4- 6 |  7- 9 | 10-12 | 13-15 | 16-18 | 19-21 || total
-------------------------+-------+-------+-------+-------+-------+-------+-------++-------
Melee: War axe           |    78 |   116 |    83 |    10 |       |       |       ||   287
       Headbutt          |     8 |    14 |    42 |    91 |   215 |   371 |    21 ||   762
       Battleaxe         |       |       |   118 |   486 |   417 |       |       ||  1021
       Punch             |       |       |       |     1 |     3 |       |       ||     4
       Whip              |       |       |       |       |     6 |       |       ||     6
       Flail             |       |       |       |       |    14 |       |       ||    14
       Executioner's axe |       |       |       |       |   424 |       |       ||   424
       Broad axe         |       |       |       |       |   111 |  1252 |    66 ||  1429
Throw: Javelin           |       |     2 |     3 |     7 |     1 |     3 |       ||    16
       Throwing net      |       |       |       |     1 |       |       |       ||     1
       Boomerang         |       |       |       |       |     2 |    26 |       ||    28
Invok: Heroism           |       |       |     1 |     8 |     6 |    10 |     1 ||    26
       Finesse           |       |       |       |       |     1 |     7 |     1 ||     9
  Use: Scroll            |       |       |    16 |    12 |    10 |    22 |     1 ||    61
       Potion            |       |       |       |       |     3 |     7 |       ||    10
 Stab: Held in net/web   |       |       |       |     1 |       |       |       ||     1
       Distracted        |       |       |       |       |     1 |       |       ||     1
Armor: Scale mail        |    32 |    46 |       |       |       |       |       ||    78
       Chain mail        |       |    10 |    50 |       |       |       |       ||    60
       Plate armour      |       |       |    80 |   484 |    60 |       |       ||   624
       Crystal plate arm |       |       |       |       |   509 |   492 |    19 ||  1020
Dodge: Dodged            |    49 |    55 |    78 |   184 |   331 |   348 |     9 ||  1054
Block: Buckler           |    21 |    22 |    19 |       |       |       |       ||    62
       Kite shield       |       |       |       |       |    51 |   278 |       ||   329
       Tower shield      |       |       |       |       |       |   849 |    31 ||   880
